 Dungeon Crawl Stone Soup version 0.30-a0-591-g3c58d2bc28 (webtiles) character file.

Game seed: 18255203568162155606

159 Sabo the Covered (level 5, 0/46 (48) HPs)
             Began as an Armataur Fighter on Jan 4, 2023.
             Killed from afar by Blork the orc (7 damage)
             ... with a magic dart
             ... on level 4 of the Dungeon.
             The game lasted 00:15:28 (3331 turns).

Sabo the Covered (Armataur Fighter)                 Turns: 3331, Time: 00:15:29

HP:   0/46 (48)     AC:  7    Str: 24    XL:     5   Next: 17%
MP:   14/14         EV:  7    Int:  8    God:
Gold: 209           SH:  4    Dex:  9    Spells: 4/4 levels left

rFire   . . .      SeeInvis .    p - +3 long sword (flame)
rCold   + . .      Faith    .    c - +0 buckler
rNeg    . . .      Spirit   .    b - +0 scale mail
rPois   .          Reflect  .    (no helmet)
rElec   .          Harm     .    (no cloak)
rCorr   .          Roll     +    (no gloves)
Will    .....                    (no barding) Stlth
                                 (no amulet)
HPRegen 0.27/turn                h - ring of protection from cold
MPRegen 0.14/turn                n - ring of magical power

@: lightly drained
A: large, rugged brown scales 3, deformed body, armoured tail, roll, long
tongue, awkward tongue
a: no special abilities


You were on level 4 of the Dungeon.
You visited 1 branch of the dungeon, and saw 4 of its levels.

You collected 209 gold pieces.

Inventory:

Hand Weapons
 a - a +0 war axe
 f - a +2 mace of draining
 j - a +1 short sword of venom
 k - a +1 quarterstaff of pain
 p - a +3 long sword of flaming (weapon)
Missiles
 t - 6 poisoned darts (quivered)
Armour
 b - a +0 scale mail (worn)
 c - a +0 buckler (worn)
Jewellery
 h - a ring of protection from cold (left hand)
 n - a ring of magical power (right hand)
Wands
 s - a wand of digging (1)
Scrolls
 e - 4 scrolls of teleportation
 g - 4 scrolls of magic mapping
 v - a scroll of poison
 w - a scroll of blinking
Potions
 d - a potion of might
 i - 2 potions of magic
 l - 2 potions of haste
 o - 2 potions of cancellation {unknown}
 q - a potion of mutation {unknown}
 r - 4 potions of curing


   Skills:
 + Level 3.1 Fighting
 + Level 1.3 Long Blades
 + Level 2.5 Axes
 + Level 4.4 Armour
 + Level 0.7 Dodging
 + Level 0.2 Stealth
 + Level 4.2 Shields


You had 4 spell levels left.
You didn't know any spells.
Your spell library contained the following spells:

 Spells                   Type           Power      Damage    Failure   Level
 Freezing Cloud           Conj/Ice/Air   0%         6-21      100%        5
 Simulacrum               Ice/Necr       0%         N/A       100%        6
 Polar Vortex             Ice            0%         N/A       100%        9


Dungeon Overview and Level Annotations

Branches:
Dungeon (4/15)
 Temple: D:4-7

Altars:
Trog

Annotations:
D:4 Blork the orc


Innate Abilities, Weirdness & Mutations

You are completely covered in rugged brown scales. (AC +3, +7% HP)
Armour fits poorly on your strangely shaped body.
You have a long armoured tail.
You roll when moving toward enemies. (Rampage)
Your long tongue fully drains potion bottles. (2x potion effects)
Your tongue gives you trouble enunciating. (1.5x scroll delay)


Message History

The gnoll hits you with a +0 club.
You barely miss the gnoll. You tail-slap the gnoll.
You kill the gnoll!
You block the hobgoblin's attack. The goblin closely misses you.
Blork the orc comes into view.
He is wielding a +0 mace.
The hound bites you but does no damage.
The hobgoblin hits you but does no damage.
The hound bites you.
Items here: )) ††.
You closely miss the goblin.
The hobgoblin hits you but does no damage.
You block the goblin's attack. The hound bites you but does no damage.
The hobgoblin hits you but does no damage.
The goblin hits you but does no damage.
You feel drained. The hound bites you.
You barely miss the goblin. The hound bites you.
The hobgoblin hits you but does no damage.
The goblin hits you but does no damage.
You feel drained. The hound closely misses you.
You slash the goblin! You burn the goblin.
You kill the goblin!
The hound bites you. The hobgoblin hits you. The hound bites you.
The hobgoblin closely misses you.
Blork the orc looks braver for a moment.
The hound bites you but does no damage.
Things that are here:
a +0 dagger of draining; a +0 flail You closely miss the hound.
The hound bites you. The hobgoblin closely misses you.
The hound barely misses you. The hobgoblin barely misses you.
You hit the hound but do no damage. The hound bites you.
* * * LOW HITPOINT WARNING * * *
You block the hobgoblin's attack. The hound bites you.
* * * LOW HITPOINT WARNING * * *
You block Blork the orc's attack.
You hit Blork the orc. You burn Blork the orc.
Blork the orc is lightly wounded.
The hound bites you but does no damage. The hobgoblin barely misses you.
Blork the orc points at you and mumbles some strange words.
The magic dart hits you!
You die...

....... #. .......
... ....... ####...
....... .......
..............##...
.......#...........
...................
#............
#@h..........
#og..........
#######............
...........<.......
...................
.g.....<...........
..g.....#########..
g........ #
.##.#####


You could see Blork the orc, a hound and a hobgoblin.

Vanquished Creatures
  A hound (D:3)
  2 gnolls (D:4)
  4 adders (D:3)
  A worm (D:3)
  A dart slug (D:3)
  An orc (D:4)
  6 ball pythons
  5 endoplasms
  2 giant cockroaches
  7 goblins
  8 hobgoblins
  A quokka (D:3)
  6 bats
  8 frilled lizards
  8 kobolds
  13 rats
74 creatures vanquished.

Notes
Turn   | Place    | Note
-------+----------+-------------------------------------------
     0 | D:1      | Sabo the Armataur Fighter began the quest for the Orb.
     0 | D:1      | Reached XP level 1. HP: 19/19 MP: 1/1
   142 | D:1      | Reached XP level 2. HP: 26/26 MP: 2/2
  1282 | D:2      | Reached XP level 3. HP: 32/32 MP: 3/3
  2387 | D:3      | Reached XP level 4. HP: 39/39 MP: 4/4
  2685 | D:3      | Found a bloodstained altar of Trog.
  2850 | D:3      | Reached skill level 1 in Long Blades
  3317 | D:4      | Reached XP level 5. HP: 40/48 MP: 5/5
  3324 | D:4      | Noticed Blork the orc
  3331 | D:4      | Killed from afar by Blork the orc

Illustrated notes

Levels and vault maps discovered:
D:1:      dpeg_arrival_refuge, layout_loops_cross, serial_rivers,
          chequers_serial_rivers_large_a, chequers_serial_rivers_room_b,
          chequers_serial_rivers_small_3, chequers_serial_rivers_small_3,
          chequers_serial_rivers_room_b, dreamdust_wishing_well,
          minmay_misc_feat_enclosed, minmay_octomino_c4
D:2:      layout_basic, uniq_terence, uniq_sigmund
D:3:      minmay_door_path, layout_rooms, mainiacjoe_overflow_tiny_flanked,
          minmay_joined_circles
D:4:      layout_rooms, nzn_wu_jian_council_hall, hangedman_decor_lopped,
          minmay_parallelograms, uniq_blork_the_orc, uniq_natasha, uniq_edmund

Skill      XL: |  1  2  3  4 |
---------------+-------------+-----
Armour         | 4 |  4.4
Axes           | 2 |  2.5
Shields        | 4 |  4.2
Fighting       | 3 |  3.1
Long Blades    | 1 |  1.3
Dodging        | |  0.7
Stealth        | |  0.2

Action                   |  1- 3 |  4- 6 || total
-------------------------+-------+-------++-------
Melee: War axe           |   117 |       ||   117
       Tailslap          |    12 |     4 ||    16
       Long sword        |    16 |    67 ||    83
  Use: Scroll            |     5 |     8 ||    13
Armor: Scale mail        |    98 |    42 ||   140
Dodge: Dodged            |    57 |    31 ||    88
Block: Buckler           |    34 |    16 ||    50

Table legend: (Time is in decaauts)
 A = Elapsed time spent in this place.
 B = Non-inter-level travel time spent in this place.
 C = Inter-level travel time spent in this place.
 D = Time resting spent in this place.
 E = Time spent auto-exploring this place.
 F = Levels seen in this place.
 G = Mean time per level.
                   A        B        C        D        E       F      G
               +--------+--------+--------+--------+--------+-----+--------+
         Total |   3418 |   3418 |      0 |    607 |      0 |   4 |  854.5 |
       Dungeon |   3418 |   3418 |      0 |    607 |      0 |   4 |  854.5 |
               +--------+--------+--------+--------+--------+-----+--------+

Top non-repeatable levels by time:
     D:3: 1427 daAuts
     D:1: 1295 daAuts
     D:2: 665 daAuts
     D:4: 30 daAuts
